 Dungeon Sprint DCSS version 0.28.0-45-g0d030f2227 (webtiles) character file.

Game seed: 3684062544283739048

2400000 protoss039 the Conqueror (level 17, -16/191 HPs)
             Began as a Ghoul Wanderer on May 15, 2022.
             Was a High Priest of Makhleb.
             Demolished by a large bag of meat
             ... wielding a +9 giant spiked club
              (42 damage)
             ... in the Dungeon (Sprint VIII: "Arena of Blood").
             The game lasted 00:01:40 (24 turns).

protoss039 the Conqueror (Ghoul Wanderer)             Turns: 24, Time: 00:01:40

Health: -16/191    AC: 12    Str: 25    XL:     17   Next: 37%
Magic:  6/30       EV: 14    Int:  9    God:    Makhleb [*****.]
Gold:   0          SH:  0    Dex:  5    Spells: 31/32 levels left

rFire   . . .      SeeInvis .   i - +∞ Axe of Woe
rCold   + . .      Faith    .   (shield currently unavailable)
rNeg    + + +      Spirit   .   c - +0 scale mail
rPois   ∞          Reflect  .   (no helmet)
rElec   .          Harm     .   (no cloak)
rCorr   .          Rampage  .   (no gloves)
Will    +....      NoTele   +   (no boots)
Stlth   +++++.....              (no amulet)
HPRegen 0.00/turn               (no ring)
MPRegen 0.22/turn               (no ring)

@: inhibited regen
A: claws 1, cold resistance 1, negative energy resistance 3, inhibited
regeneration, torment resistance 2
a: Renounce Religion, Minor Destruction, Lesser Servant of Makhleb, Major
Destruction, Greater Servant of Makhleb


You were in the Dungeon.
You worshipped Makhleb.
Makhleb was extremely pleased with you.
You visited 1 branch

Inventory:

Hand Weapons
 a - a +0 shortbow
 i - the +∞ Axe of Woe (weapon)
   (You found it in the Dungeon)
Missiles
 b - 23 arrows
Armour
 c - a +0 scale mail (worn)
Scrolls
 h - a scroll of blinking
Potions
 d - a potion of curing
 e - a potion of heal wounds
 f - a potion of haste
 g - 2 potions of magic


   Skills:
 O Level 27 Fighting
 - Level 5.6 Axes
 - Level 7.0 Bows
 - Level 7.4 Throwing
 + Level 24.8 Armour
 + Level 19.3 Dodging
 - Level 18.7 Stealth
 - Level 8.1 Spellcasting
 - Level 15.7 Air Magic
 * Level 20.6 Invocations
 - Level 7.4 Evocations


You had 31 spell levels left.
You knew the following spells:

 Your Spells              Type           Power      Damage    Failure   Level
a - Shock                 Conj/Air       68%        1d7       1%          1

Your spell library contained the following spells:

 Spells                   Type           Power      Damage    Failure   Level
 Corpse Rot               Necr/Air       34%        N/A       1%          2
 Summon Lightning Spire   Summ/Air       17%        N/A       11%         4


Dungeon Overview and Level Annotations

Branches:
Dungeon (1/1)

Altars:
Makhleb

Annotations:
D The Servant


Innate Abilities, Weirdness & Mutations

You thrive by killing the living.
You are immune to poison.
You have sharp fingernails.
Your flesh is cold resistant. (rC+)
You are immune to negative energy. (rN+++)
You do not regenerate when monsters are visible.
You are immune to unholy pain and torment.


Message History

You slash the meat berserker!
You cleave the meat berserker in twain.
You kill the meat berserker!
Makhleb accepts your kill.
You hear a shout! x7
A bag of meat comes into view. It is wielding a +9 war axe.
You hear a shout! x4
A bag of meat comes into view. It is wielding a +9 war axe.
You hear a shout! x6
Your Dodging skill increases to level 19!
Your Invocations skill gained 3 levels and is now at level 20!
Unknown command.
Press < or > to pray at altars.
Unknown command.
Press < or > to pray at altars.
You hear a shout!
A bag of meat comes into view. It is wielding a +9 war axe.
You hear a shout! x4
The Servant comes into view.
He is wielding a +9 glaive of flaming.
A meat berserker comes into view. It is wielding a +9 battleaxe.
You hear a shout! x3
The meat berserker hits you with a +9 battleaxe!!!
The bag of meat shouts!
A meat berserker comes into view. It is wielding a +9 battleaxe.
You hit the meat berserker.
You fatally mangle the meat berserker.
You kill the meat berserker!
Makhleb accepts your kill.
You can now summon a greater servant of Makhleb.
You feel better.
You hear a shout!
You hear a roar!
You hear a shout! x4
The meat berserker rages.
You hear a shout! x2
An eight-headed meat hydra comes into view.
You hear a shout! x2
The Servant hits you from afar with a +9 glaive of flaming!!!!
Ouch! That really hurt!
The Servant burns you!!!
* * * LOW HITPOINT WARNING * * *
You hear a shout! x3
The large bag of meat hits you with a +9 giant spiked club!!!
You die...

..... .. #...
.# . #.O. ..#
..###ooo ..###.
......###......
..@o._......
#O....# #@)<._#
#)....#
....._......
.o...O###......
..###... ..###.
. #O.. ..# #.o.
.# O...D ..


You could see The Servant, an eight-headed meat hydra, 2 large bags of meat, 3
meat berserkers and 5 bags of meat.

Vanquished Creatures
  8 ogres (D)
  7 orcs (D)
15 creatures vanquished.

Notes
Turn   | Place    | Note
-------+----------+-------------------------------------------
     0 | D        | Found the +∞ Axe of Woe
     0 | D        | protoss039 the Ghoul Wanderer began the quest for the Orb.
     0 | D        | protoss039 set off with the following items: a +0 shortbow,
                  | 23 arrows, a +0 scale mail, a potion of curing, a potion of
                  | heal wounds, a potion of haste, 2 potions of magic, a
                  | scroll of blinking; and the following spell memorised:
                  | Shock; and the following spells available to memorise:
                  | Corpse Rot, Summon Lightning Spire
     0 | D        | Reached XP level 1. HP: 14/14 MP: 1/1
     0 | D        | Noticed a meat berserker
     2 | D        | Noticed a meat berserker
     3 | D        | Killed a meat berserker
     3 | D        | Noticed a bag of meat
     4 | D        | Reached XP level 2. HP: 20/20 MP: 1/8
     4 | D        | Reached XP level 3. HP: 26/26 MP: 1/10
     4 | D        | Reached XP level 4. HP: 33/33 MP: 1/11
     4 | D        | Reached XP level 5. HP: 38/38 MP: 1/13
     4 | D        | Reached XP level 6. HP: 45/45 MP: 1/14
     4 | D        | Reached XP level 7. HP: 50/50 MP: 1/16
     4 | D        | Reached XP level 8. HP: 57/57 MP: 1/17
     4 | D        | Reached XP level 9. HP: 62/62 MP: 1/18
     4 | D        | Reached XP level 10. HP: 69/69 MP: 1/19
     4 | D        | Reached XP level 11. HP: 74/74 MP: 1/20
     4 | D        | Reached XP level 12. HP: 81/81 MP: 1/21
     5 | D        | Became a worshipper of Makhleb the Destroyer
     5 | D        | Noticed a bag of meat
     6 | D        | Killed a meat berserker
     6 | D        | Noticed a meat berserker
     6 | D        | Noticed a meat berserker
     6 | D        | Noticed a bag of meat
     7 | D        | Reached skill level 5 in Axes
     7 | D        | Reached skill level 15 in Air Magic
     7 | D        | Reached XP level 13. HP: 80/86 MP: 1/24
     7 | D        | Killed a bag of meat
     7 | D        | Reached * piety under Makhleb
     7 | D        | Noticed a bag of meat
     7 | D        | Noticed a meat berserker
     8 | D        | Reached skill level 9 in Fighting
     8 | D        | Reached skill level 5 in Dodging
     9 | D        | Killed a meat berserker
     9 | D        | Noticed a bag of meat
    10 | D        | Reached skill level 15 in Fighting
    10 | D        | Reached XP level 14. HP: 24/135 MP: 2/25
    10 | D        | Killed a meat berserker
    11 | D        | Reached skill level 19 in Fighting
    11 | D        | Reached XP level 15. HP: 19/152 MP: 2/26
    11 | D        | Killed a meat berserker
    11 | D        | Reached ** piety under Makhleb
    12 | D        | Reached skill level 23 in Fighting
    13 | D        | Reached skill level 24 in Fighting
    13 | D        | Reached skill level 15 in Dodging
    13 | D        | Reached *** piety under Makhleb
    14 | D        | Reached skill level 25 in Fighting
    14 | D        | Reached XP level 16. HP: 92/178 MP: 3/27
    14 | D        | Noticed a meat berserker
    17 | D        | Reached skill level 26 in Fighting
    18 | D        | Killed a meat berserker
    18 | D        | Reached **** piety under Makhleb
    18 | D        | Noticed a meat berserker
    19 | D        | Reached skill level 27 in Fighting
    19 | D        | Reached skill level 15 in Invocations
    19 | D        | Noticed a meat berserker
    20 | D        | Reached XP level 17. HP: 191/191 MP: 5/28
    20 | D        | Noticed a large bag of meat
    20 | D        | Noticed a large bag of meat
    22 | D        | Noticed a meat berserker
    22 | D        | Killed a meat berserker
    23 | D        | Noticed The Servant
    23 | D        | Noticed a meat berserker
    24 | D        | Noticed a meat berserker
    24 | D        | Killed a meat berserker
    24 | D        | Reached ***** piety under Makhleb
    24 | D        | Noticed an eight-headed meat hydra
    24 | D        | Demolished by a large bag of meat

Illustrated notes

Levels and vault maps discovered:
D:        meatsprint

Skill      XL: |  1  2  3  4  5  6  7  8  9 10 11 12 13 14 15 16 17 |
---------------+----------------------------------------------------+-----
Axes           | 3 5 |  5.6
Bows           | 6 7 |  7.0
Throwing       | 6 7 |  7.4
Armour         | 14 17 19 20 22 24 | 24.8
Stealth        | 16 18 | 18.7
Spellcasting   | 6 8 |  8.1
Air Magic      | 13 15 | 15.7
Evocations     | 6 7 |  7.4
Fighting       | 15 19 25 27 | 27.0
Dodging        | 9 11 15 18 19 | 19.3
Invocations    | 6 17 20 | 20.6

Action                   |  1- 3 |  4- 6 |  7- 9 | 10-12 | 13-15 | 16-18 || total
-------------------------+-------+-------+-------+-------+-------+-------++-------
Melee: Executioner's axe |     1 |       |       |     1 |     6 |     6 ||    14
